 Dungeon Crawl Stone Soup version 0.18.1-48-g4cf74bf (webtiles) character file.

8719 Heedrag the Carver (level 11, 0/99 HPs)
             Began as a Minotaur Berserker on July 31, 2016.
             Was a High Priest of Trog.
             Slain by a hill giant
             ... wielding a +0 giant spiked club
              (14 damage)
             ... on level 10 of the Dungeon.
             The game lasted 00:23:46 (9605 turns).

Heedrag the Carver (Minotaur Berserker)             Turns: 9605, Time: 00:23:47

Health: 0/99       AC: 22    Str: 23 (25) XL:     11   Next: 13%
Magic:  10/10      EV:  7    Int:  2 (4)  God:    Trog [*****.]
Gold:   336        SH: 10    Dex:  7 (10) Spells: 0 memorised, 10 levels left

rFire  . . .     SeeInvis .     a - +0 falchion
rCold  + . .     Gourm    +     O - +0 plate armour
rNeg   . . .     Faith    .     Y - +0 shield
rPois  .         Spirit   .     H - +2 hat
rElec  .         Dismiss  .     N - +0 cloak
rCorr  .         Reflect  .     L - +0 pair of gloves
SustAt .         Harm     .     V - +0 pair of boots
MR     ++...                    P - amulet of the gourmand
Stlth  ..........               v - +2 ring of protection
                                X - ring of protection from cold

@: exhausted, regenerating, very resistant to hostile enchantments, extremely
unstealthy
A: retaliatory headbutt, horns 2
a: Berserk, Trog's Hand, Brothers in Arms, Burn Spellbooks, Renounce Religion


You were on level 10 of the Dungeon.
You worshipped Trog.
Trog was extremely pleased with you.
You were very full.

You visited 2 branches of the dungeon, and saw 11 of its levels.
You also visited: Ossuary.

You collected 336 gold pieces.

Inventory:

Hand Weapons
 a - a +0 falchion (weapon)
 G - the cursed +2 hand axe of the Peculiar Realms {venom, rN+++ MR- Str+5 Int-2}
   (You found it on level 5 of the Dungeon)

   It poisons the flesh of those it strikes.
   It affects your strength (+5).
   It affects your intelligence (-2).
   It renders you almost immune to negative energy.
   It affects your resistance to hostile enchantments.
   It has a curse placed upon it.
 J - a +0 long sword of draining
 U - a +3 executioner's axe of freezing
Armour
 b - a +0 animal skin
 o - a +0 ring mail of cold resistance
 s - a +0 chain mail
 E - the +1 leather armour "Fikiuhif" {rElec Str-3 Int+7}
   (You found it on level 5 of the Dungeon)

   It affects your strength (-3).
   It affects your intelligence (+7).
   It insulates you from electricity.
 H - a +2 hat (worn)
 L - a +0 pair of gloves (worn)
 N - a +0 cloak (worn)
 O - a +0 plate armour (worn)
 V - a +0 pair of boots (worn)
 W - the +2 scale mail "Komamny" {rF- Int+5}
   (You found it on level 8 of the Dungeon)

   It affects your intelligence (+5).
   It makes you vulnerable to fire.
 Y - a +0 shield (worn)
Jewellery
 h - a cursed -2 ring of protection
 p - a +5 ring of intelligence
 v - a +2 ring of protection (right hand)
 I - an uncursed amulet of rage
 P - an amulet of the gourmand (around neck)
 X - a ring of protection from cold (left hand)
Wands
 u - a wand of flame (28/48)
 w - a wand of disintegration (21/24)
 Q - a wand of heal wounds (4/9)
 R - a wand of iceblast (7/15)
 S - a wand of iceblast (8/15)
 T - a wand of digging (17/24)
Scrolls
 e - a scroll of magic mapping {unknown}
 k - 8 scrolls of remove curse
 m - 2 scrolls of recharging
 r - 4 scrolls of teleportation {unknown}
 t - 3 scrolls of noise {unknown}
 y - 3 scrolls of fear {unknown}
 B - a scroll of amnesia {unknown}
 C - a scroll of random uselessness {unknown}
 K - 3 scrolls of identify
 M - 3 scrolls of enchant weapon {unknown}
 Z - a scroll of fog {unknown}
Potions
 d - 5 potions of lignification {unknown}
 g - a potion of berserk rage
 n - 5 potions of heal wounds {unknown}
 q - a potion of might {unknown}
 x - 3 potions of cure mutation {unknown}
 z - 4 potions of curing {unknown}
 A - 3 potions of agility {unknown}
 D - 2 potions of resistance {unknown}
Comestibles
 c - 8 bread rations
 f - 8 slices of pizza
 i - 7 meat rations
 j - 4 beef jerkies


   Skills:
 + Level 9.6 Fighting
 * Level 12.0 Long Blades
 + Level 8.5 Armour
 + Level 8.6 Dodging
 + Level 6.5 Shields
 - Level 4.2 Unarmed Combat


You had 10 spell levels left.
You didn't know any spells.

Dungeon Overview and Level Annotations

Branches:
Dungeon (10/15)            Temple (1/1) D:6             Orc (0/2) D:10
   Lair: D:8-11

Altars:
Ashenzari
Cheibriados
Dithmenos
Elyvilon
Fedhas
Gozag
Kikubaaqudgha
Makhleb
Nemelex Xobeh
Okawaru
Pakellas
Qazlal
Ru
Sif Muna
Trog
Vehumet
Xom
Zin
The Shining One


Innate Abilities, Weirdness & Mutations

You reflexively headbutt those who attack you in melee.
You have a pair of horns on your head.


Message History

Tha hill giant be severely wounded.
Ye hit tha hill giant.
Ye headbutt tha hill giant.
Tha hill giant be severely wounded.
Ye block tha hill giant's attack.
Ye hit tha hill giant.
Tha hill giant be severely wounded.
Ye hit tha hill giant.
Tha hill giant be severely wounded.
Tha hill giant hits ye wit' a giant spiked club!
* * * LOW HITPOINT WARNIN'
* * * Ye barely miss tha hill giant.
Tha hill giant be severely wounded.
Tha hill giant hits ye but does nay damage.
Ye hit tha hill giant.
Ye headbutt tha hill giant.
Tha hill giant be almost dead.
Ye block tha iguana's attack.
Ye hit tha hill giant but do nay damage.
Tha hill giant be almost dead.
Tha hill giant hits ye wit' a giant spiked club!
Ye die...

#.# #####.# ......#
####### ### ##.###
##########.#..###
##..........##.#.###
##....###.....†l.##.###..#
###..##.#
###...@C.........#
...##.###
#.#.###..(....... #######
######.##........ .# ..#
##(..#... ## ### ###..##
.## # ##################
#...).............


You could see a hill giant and an iguana.

Vanquished Creatures
  Erolcha (D:8)
  A hill giant (D:10)
  Pikel (D:5)
  Joseph (D:7)
  2 komodo dragons (D:10)
  The ghost of Galewin the Ruffian, a novice VSMo of Qazlal (D:5)
  A two-headed ogre (D:9)
  2 yaks (D:7)
  A steam dragon (D:10)
  A human (D:7)
  A wyvern (D:8)
  4 slaves (D:5)
  An ice beast (D:7)
  5 orc warriors
  2 black bears
  7 ogres
  3 phantoms
  2 sky beasts (D:10)
  A necrophage (D:8)
  3 centaurs
  A crocodile (D:10)
  An elf zombie (Ossuary)
  2 gnoll sergeants
  5 giant frogs
  2 wyvern skeletons
  A scorpion (D:8)
  5 killer bees (D:9)
  5 howler monkeys
  A centaur zombie (D:5)
  3 crimson imps
  A quasit (D:7)
  A hound (D:6)
  3 jellies
  2 giant frog skeletons
  A human zombie (Ossuary)
  7 orc priests
  13 orc wizards
  7 iguanas
  Ijyb (D:3)
  9 worker ants
  A killer bee zombie (D:5)
  2 sheep (D:7)
  3 big kobold zombies (Ossuary)
  A hound zombie (D:7)
  2 mummies (Ossuary)
  A worker ant zombie (D:7)
  15 gnolls
  8 adders
  A shadow imp (D:8)
  An ooze (D:7)
  An adder zombie (Ossuary)
  2 worms
  8 giant geckos
  60 orcs
  4 bats (D:3)
  12 hobgoblins
  12 jackals
  6 quokkas
  A ball python (D:5)
  6 giant newts
  19 goblins
  A goblin zombie (Ossuary)
  8 hobgoblin zombies (Ossuary)
  8 kobolds
  12 kobold zombies (Ossuary)
  6 orc zombies (Ossuary)
  6 rats
  3 rat zombies (Ossuary)
322 creatures vanquished.

Vanquished Creatures (others)
  A goblin (D:3)
1 creature vanquished.

Grand Total: 323 creatures vanquished

Notes
Turn   | Place    | Note
--------------------------------------------------------------
     0 | D:1      | Heedrag the Minotaur Berserker began the quest for the Orb.
     0 | D:1      | Reached XP level 1. HP: 19/19 MP: 0/0
   233 | D:1      | Reached XP level 2. HP: 26/27 MP: 1/1
   407 | D:1      | Reached skill level 4 in Long Blades
   717 | D:2      | You fall through a shaft!
   729 | D:3      | Reached XP level 3. HP: 30/33 MP: 2/2
   739 | D:3      | Reached ** piety under Trog
   905 | D:3      | Found a radiant altar of Vehumet.
  1118 | D:3      | Found a faded altar to an unknown god.
  1141 | D:3      | Reached XP level 4. HP: 38/41 MP: 3/3
  1204 | D:3      | Noticed Ijyb
  1225 | D:3      | Killed Ijyb
  1481 | D:3      | Reached skill level 5 in Long Blades
  1481 | D:3      | Reached XP level 5. HP: 47/47 MP: 4/4
  1484 | D:3      | Reached skill level 5 in Fighting
  1811 | D:4      | Found a sand-covered staircase.
  1817 | Ossuary  | Entered an ossuary
  1915 | Ossuary  | Reached XP level 6. HP: 34/56 MP: 5/5
  1922 | Ossuary  | Reached skill level 1 in Unarmed Combat
  1939 | Ossuary  | Reached skill level 6 in Long Blades
  2160 | D:4      | Reached XP level 7. HP: 57/61 MP: 6/6
  2240 | D:4      | Reached *** piety under Trog
  2311 | D:4      | Reached skill level 7 in Long Blades
  2718 | D:5      | Entered Level 5 of the Dungeon
  2732 | D:5      | Noticed Galewin's ghost (novice VSMo)
  2738 | D:5      | Killed Galewin's ghost
  2738 | D:5      | Reached skill level 5 in Armour
  2738 | D:5      | Reached skill level 5 in Dodging
  2738 | D:5      | Reached XP level 8. HP: 71/71 MP: 7/7
  2794 | D:5      | Found an oddly glowing altar of Pakellas.
  2923 | D:5      | Got a translucent hand axe
  2926 | D:5      | Identified the cursed +2 hand axe of the Peculiar Realms {venom, rN+++ MR- Str+5 Int-2} (You found it on level 5 of the Dungeon)
  3094 | D:5      | Got a smoking leather armour
  3095 | D:5      | Identified the +1 leather armour "Fikiuhif" {rElec Str-3 Int+7} (You found it on level 5 of the Dungeon)
  3311 | D:5      | Reached skill level 8 in Long Blades
  3313 | D:5      | Reached **** piety under Trog
  3334 | D:5      | Noticed Pikel
  3357 | D:5      | Killed Pikel
  3669 | D:5      | Found an opulent altar of Gozag.
  3669 | D:5      | Found a snail-covered altar of Cheibriados.
  3971 | D:6      | Reached XP level 9. HP: 79/79 MP: 8/8
  4113 | D:6      | Found a staircase to the Ecumenical Temple.
  4124 | Temple   | Entered the Ecumenical Temple
  4810 | D:6      | Reached skill level 9 in Long Blades
  5338 | D:7      | Found a shadowy altar of Dithmenos.
  5398 | D:7      | Noticed Joseph
  5411 | D:7      | Killed Joseph
  5492 | D:7      | Found a blossoming altar of Fedhas.
  5492 | D:7      | Found an ancient bone altar of Kikubaaqudgha.
  5554 | D:7      | Reached skill level 10 in Long Blades
  6152 | D:8      | Reached XP level 10. HP: 89/89 MP: 9/9
  6156 | D:8      | Noticed Erolcha
  6173 | D:7      | Reached ***** piety under Trog
  6309 | D:8      | Killed Erolcha
  6309 | D:8      | Reached skill level 5 in Shields
  6764 | D:8      | Reached skill level 11 in Long Blades
  6921 | D:8      | Received a gift from Trog
  7337 | D:8      | Got a heavily runed scale mail
  7338 | D:8      | Identified the +2 scale mail "Komamny" {rF- Int+5} (You found it on level 8 of the Dungeon)
  8537 | D:9      | Found a stormy altar of Qazlal.
  8721 | D:10     | Entered Level 10 of the Dungeon
  8811 | D:10     | Found a staircase to the Orcish Mines.
  8961 | D:10     | Noticed a hill giant
  8968 | D:10     | Killed a hill giant
  9213 | D:10     | Reached XP level 11. HP: 97/97 MP: 10/10
  9574 | D:10     | Reached skill level 12 in Long Blades
  9580 | D:10     | Noticed a hill giant
  9605 | D:10     | Slain by a hill giant

Skill      XL: |  1  2  3  4  5  6  7  8  9 10 11 |
---------------+----------------------------------+-----
Long Blades    | 4 5 6 7 8 10 11 12 | 12.0
Fighting       | 4 5 6 7 8 9 |  9.6
Dodging        | 3 4 5 6 8 |  8.6
Armour         | 3 4 5 7 8 |  8.5
Unarmed Combat | 2 3 4 |  4.2
Shields        | 2 4 6 |  6.5

Action                   |  1- 3 |  4- 6 |  7- 9 | 10-12 || total
-------------------------+-------+-------+-------+-------++-------
Melee: Falchion          |    91 |   166 |   392 |   427 ||  1076
       Headbutt          |     9 |    42 |    77 |    94 ||   222
       Punch             |       |     1 |     1 |       ||     2
Invok: Berserk           |       |     1 |     9 |     5 ||    15
       Burn Spellbooks   |       |       |     2 |       ||     2
       Trog's Hand       |       |       |       |     1 ||     1
  Use: Scroll            |       |       |     4 |     1 ||     5
       Potion            |       |       |       |     4 ||     4
  Eat: Chunk             |     1 |     3 |    40 |    17 ||    61
Armor: Animal skin       |    11 |       |       |       ||    11
       Ring mail         |     7 |    37 |   108 |       ||   152
       Plate armour      |       |       |     8 |   195 ||   203
Dodge: Dodged            |    59 |    76 |   176 |   107 ||   418
Block: Buckler           |       |       |    54 |    35 ||    89
       Shield            |       |       |       |   123 ||   123
